 Dungeon Crawl Stone Soup version 0.31.0-11-ge490571c62 (webtiles) character file.

Game seed: 11962529555515851899

1045 Curundu the Cleaver (level 8, -1/73 HPs)
             Began as a Minotaur Berserker on Jan 31, 2024.
             Was a Priest of Trog.
             Slain by an iguana (2 damage)
             ... on level 5 of the Dungeon.
             The game lasted 00:08:31 (3582 turns).

Curundu the Cleaver (Minotaur Berserker)            Turns: 3582, Time: 00:08:32

Health: -1/73      AC: 14    Str: 25    XL:     8   Next: 4%
Magic:  7/7        EV:  9    Int:  4    God:    Trog [***...]
Gold:   256        SH:  0    Dex:  9    Spells: 7/7 levels left

rFire   . . .        a - +0 hand axe
rCold   . . .        (no shield)
rNeg    . . .        l - +0 chain mail
rPois   .            (helmet restricted)
rElec   .            x - +2 cloak
rCorr   .            (no gloves)
SInv    .            i - +0 pair of boots
Will    .....        (no amulet) Stlth
                     (no ring)
HPRegen 0.32/turn    (no ring)
MPRegen 0.10/turn

%: no passive effects
@: on berserk cooldown, slowed, very slow
A: horns 2, retaliatory headbutt
a: Renounce Religion, Berserk, Trog's Hand


You were on level 5 of the Dungeon.
You worshipped Trog.
Trog was most pleased with you.
You visited 1 branch of the dungeon, and saw 5 of its levels.

You collected 256 gold pieces.

Inventory:

Hand Weapons
 a - a +0 hand axe (weapon)
Missiles
 m - 8 boomerangs (quivered)
Armour
 i - a +0 pair of boots (worn)
 l - a +0 chain mail (worn)
 x - a +2 cloak (worn)
Jewellery
 c - a ring of resist corrosion
 n - a ring of see invisible
 p - an amulet of magic regeneration
 r - a ring of ice
Wands
 y - a wand of paralysis (10)
Scrolls
 b - 5 scrolls of teleportation {unknown}
 d - a scroll of fear {unknown}
 e - 4 scrolls of identify {unknown}
 h - a scroll of enchant weapon {unknown}
 o - a scroll of enchant armour {unknown}
 s - a scroll of revelation {unknown}
 w - a scroll of vulnerability {unknown}
Potions
 f - a potion of cancellation {unknown}
 g - a potion of attraction {unknown}
 j - a potion of haste {unknown}
 k - 3 potions of heal wounds {unknown}
 q - a potion of curing {unknown}
 t - a potion of ambrosia
 u - 2 potions of lignification {unknown}
 v - a potion of invisibility {unknown}


   Skills:
 + Level 7.1 Fighting
 + Level 8.2 Axes
 + Level 5.6 Armour
 + Level 3.1 Dodging
 + Level 0.8 Stealth


You had 7 spell levels left.
You didn't know any spells.
Your spell library was empty.

Dungeon Overview and Level Annotations

Branches:
Dungeon (5/15)
 Temple: D:4-7

Altars:

Annotations:
D:5 Duvessa


Innate Abilities, Weirdness & Mutations

You have a pair of horns on your head.
You reflexively headbutt those who attack you in melee.


Message History

The iguana bites you but does no damage.
You hit Duvessa.
Duvessa is moderately wounded.
You completely miss the iguana. Duvessa misses you.
Duvessa hits you with a +0 short sword.
* * * LOW HITPOINT WARNING * * *
The iguana bites you but does no damage.
You hit Duvessa. Your headbutt misses Duvessa.
Duvessa is moderately wounded.
You hit the iguana but do no damage. Duvessa hits you but does no damage.
The iguana bites you but does no damage.
Duvessa hits you but does no damage. The iguana bites you.
* * * LOW HITPOINT WARNING * * *
You hit Duvessa. You headbutt Duvessa, but do no damage.
Duvessa is moderately wounded.
You hit the iguana. Duvessa hits you but does no damage. x2
The iguana bites you.
* * * LOW HITPOINT WARNING * * *
You barely miss Duvessa.
Duvessa is moderately wounded.
You completely miss the iguana.
Your skin stops crawling.
You feel less strong-willed. Duvessa closely misses you.
Duvessa hits you with a +0 short sword.
* * * LOW HITPOINT WARNING * * *
The iguana bites you but does no damage.
You hit Duvessa but do no damage. You headbutt Duvessa.
Duvessa is moderately wounded.
You hit the iguana. Duvessa barely misses you.
The iguana bites you but does no damage.
Duvessa hits you but does no damage.
You barely miss Duvessa.
Duvessa is moderately wounded.
You completely miss the iguana. Duvessa hits you with a +0 short sword.
* * * LOW HITPOINT WARNING * * *
The iguana bites you.
* * * LOW HITPOINT WARNING * * *
Duvessa hits you with a +0 short sword.
* * * LOW HITPOINT WARNING * * *
The iguana bites you.
You die...

.. ## #.. .# ... #.####.###.#
.... . #.....(.#..........#.....
#. #.......# .....##).....# ..
#.......#......##.##.# .#
.......#. #.#.#..)..# #######.#
#.##.... #.#e#$)####.#........
####.....####...@..# #.#.......#
#.............#l##.# #.###.#<...
..............?.##.# #.......###
...................####..##......
.<.†.............###...........#.
..................##...........#.
..........................#.##.#.
...................#...........#.
..........................####.#.


You could see Duvessa (berserk) and an iguana.

Vanquished Creatures
  Edmund (D:5)
  An ice beast (D:5)
  A centaur (D:5)
  A phantom (D:4)
  3 scorpions
  Dowan (D:5)
  2 bombardier beetles (D:5)
  A sleepcap (D:4)
  A gnoll bouda (D:5)
  3 iguanas
  2 orc wizards (D:4)
  3 gnolls (D:5)
  8 adders
  A dart slug (D:2)
  3 ribbon worms
  16 orcs
  6 endoplasms
  4 giant cockroaches
  6 goblins
  8 hobgoblins
  8 kobolds
  3 quokkas
  7 ball pythons
  3 bats
  4 frilled lizards
  3 rats
100 creatures vanquished.

Notes
Turn   | Place    | Note
-------+----------+-------------------------------------------
     0 | D:1      | Curundu the Minotaur Berserker began the quest for the Orb.
     0 | D:1      | Reached XP level 1. HP: 19/19 MP: 0/0
   196 | D:1      | Reached skill level 4 in Axes
   196 | D:1      | Reached XP level 2. HP: 9/27 MP: 1/1
   995 | D:2      | Reached ** piety under Trog
   996 | D:2      | Reached XP level 3. HP: 25/33 MP: 2/2
  1441 | D:2      | Reached XP level 4. HP: 41/41 MP: 3/3
  1818 | D:3      | Reached skill level 5 in Axes
  2305 | D:4      | Reached XP level 5. HP: 45/47 MP: 4/4
  2542 | D:4      | Reached *** piety under Trog
  2675 | D:4      | Reached skill level 6 in Axes
  2675 | D:4      | Reached XP level 6. HP: 55/55 MP: 5/5
  2898 | D:4      | Identified the +0 robe "Tagramoz" {rF+ Str+3 Slay-5}
  2938 | D:4      | Reached skill level 5 in Fighting
  3119 | D:5      | Entered Level 5 of the Dungeon
  3160 | D:5      | Noticed Edmund
  3178 | D:5      | Killed Edmund
  3179 | D:5      | Reached skill level 7 in Axes
  3179 | D:5      | Reached XP level 7. HP: 8/62 MP: 6/6
  3264 | D:5      | Reached skill level 5 in Armour
  3565 | D:5      | Noticed Dowan
  3572 | D:5      | Killed Dowan
  3573 | D:5      | Reached skill level 8 in Axes
  3573 | D:5      | Reached XP level 8. HP: 10/73 MP: 7/7
  3575 | D:5      | Noticed Duvessa
  3582 | D:5      | HP: 2/73 [iguana (3)]
  3582 | D:5      | Slain by an iguana

Illustrated notes

Levels and vault maps discovered:
D:1:      lightli_arrival_windingriver, layout_basic
D:2:      minmay_spotlight, layout_basic, minivault_23, columned_hall_lemuel
D:3:      layout_loops_ring
D:4:      layout_loops_cross, minmay_misc_feat_doors
D:5:      layout_basic, minmay_misc_feat_rows, st_stairs_11,
          hangedman_decor_growths, nicolae_concentric_dashed_squares_wild,
          uniq_duvessa, uniq_edmund, uniq_prince_ribbit1

Skill      XL: |  1  2  3  4  5  6  7 |
---------------+----------------------+-----
Axes           | 4 5 6 7 8 |  8.2
Fighting       | 4 5 7 |  7.1
Armour         | 3 4 5 |  5.6
Dodging        | 3 |  3.1
Stealth        | |  0.8

Action                     |  1- 3 |  4- 6 |  7- 9 || total
---------------------------+-------+-------+-------++-------
  Melee: Hand axe          |    78 |   113 |    77 ||   268
         Headbutt          |    15 |    22 |    14 ||    51
 Invoke: Trog's Hand       |       |     2 |     1 ||     3
         Berserk           |       |     1 |     1 ||     2
    Use: Potion            |       |       |     1 ||     1
 Armour: Animal skin       |    35 |       |       ||    35
         Chain mail        |    10 |   108 |    96 ||   214
  Dodge: Dodged            |    55 |    52 |    52 ||   159
